 Dungeon Sprint DCSS version 0.29.1-15-g9cfb28693d (webtiles) character file.

Game seed: 17277026450814252905

234 Groucho the Covert (level 5, -2/45 HPs)
             Began as a Felid Berserker on Apr 12, 2023.
             Was an Elder of Trog.
             Slain by a molten gargoyle
             ... wielding a +0 flail
              (11 damage)
             ... in the Dungeon (Sprint VII: "The Pits").
             The game lasted 00:03:03 (1353 turns).

Groucho the Covert (Felid Berserker)                Turns: 1353, Time: 00:03:04

Health: -2/45      AC:  2    Str: 15    XL:     5   Next: 75%
Magic:  6/6        EV: 24    Int:  8    God:    Trog [****..]
Gold:   0          SH:  0    Dex: 16    Spells: 4/4 levels left
                                        Lives:  0   Deaths: 2

rFire   . . .      SeeInvis +     - Unarmed
rCold   . . .      Faith    .   (shield unavailable)
rNeg    . . .      Spirit   .   (body armour unavailable)
rPois   .          Reflect  .   (helmet unavailable)
rElec   .          Harm     .   (cloak unavailable)
rCorr   .          Rampage  .   (gloves unavailable)
Will    .....      NoTele   +   (boots unavailable)
Stlth   ..........              (no amulet)
HPRegen 0.15/turn               (no ring)
MPRegen 0.10/turn               (no ring)

@: berserking (expiring), very quick
A: very small, claws 1, fangs 3, see invisible, speed 1, shaggy fur 2, stealthy
paws, no weapons or thrown items, no armour, multi-lived
a: Renounce Religion, Berserk, Trog's Hand, Brothers in Arms


You were in the Dungeon.
You worshipped Trog.
Trog was greatly pleased with you.
You visited 1 branch

Inventory:

Scrolls
 f - a scroll of blinking
 g - a scroll of summoning
Potions
 a - 2 potions of invisibility
 b - 4 potions of heal wounds
 c - a potion of haste
 d - 4 potions of magic
 e - 3 potions of berserk rage
 h - 5 potions of curing


   Skills:
 + Level 8.3 Fighting
 + Level 10.8 Dodging
 + Level 14.8 Stealth
 + Level 8.3 Unarmed Combat


You had 4 spell levels left.
You didn't know any spells.
Your spell library was empty.

Dungeon Overview and Level Annotations

Branches:
Dungeon (1/1)

Altars:
Ashenzari
Cheibriados
Dithmenos
Elyvilon
Fedhas
Gozag
Hepliaklqana
Kikubaaqudgha
Makhleb
Nemelex Xobeh
Okawaru
Qazlal
Ru
Sif Muna
Trog
Uskayaw
Vehumet
Wu Jian
Xom
Yredelemnul
Zin
The Shining One
Jiyva
Lugonu


Innate Abilities, Weirdness & Mutations

You have sharp claws.
You have razor-sharp teeth.
You have supernaturally acute eyesight. (SInv)
You cover ground quickly. (Speed+)
You are covered in thick fur. (AC +2)
Your paws help you pounce on unaware monsters.
You are incapable of wielding weapons or throwing items.
You cannot wear armour.
You gain extra lives every three experience levels.


Message History

The molten gargoyle blasts magma at you!
The bolt of magma misses you.
Your skin crawls.
You feel strong-willed.
A red film seems to cover your vision as you go berserk!
You feel yourself moving faster!
You feel mighty!
The molten gargoyle hits you with a +0 flail!!
You are engulfed in flames!
You claw the molten gargoyle! Your bite misses the molten gargoyle.
The molten gargoyle is moderately damaged.
You claw the molten gargoyle!
The molten gargoyle is heavily damaged.
The molten gargoyle blasts magma at you!
The bolt of magma misses you.
You scratch the molten gargoyle.
The molten gargoyle is severely damaged.
You scratch the molten gargoyle. Your claw misses the molten gargoyle.
You bite the molten gargoyle, but do no damage.
The molten gargoyle is almost destroyed.
The molten gargoyle blasts magma at you!
The bolt of magma hits you!!
Ouch! That really hurt!
You die...
You are now level 5!
You rejoin the land of the living...
Unknown command.
You see here a +0 whip.
A red film seems to cover your vision as you go berserk!
You feel yourself moving faster!
You feel mighty!
You feel a strong urge to attack something.
The molten gargoyle blasts magma at you!
The bolt of magma hits you!!
Ouch! That really hurt!
You are too injured to fight recklessly!
You are too injured to fight recklessly!
You are too injured to fight recklessly!
The molten gargoyle hits you with a +0 flail!
* * * LOW HITPOINT WARNING * * *
You are engulfed in flames!
You die...

#.#))#.....##.......#
#.#..###'####.......#
#)##'#....)##...<...#
#.#........##.......#
#.#.......)##.......#
#'###########.......#
#..)....#..##########
#.###...#.######
#.#..@..#)#....#
#.#†9.#.#'#..g.#
#.....#†#.9K...+
#...###9#'#....#
#......K'.#..9.#
################


You could see a molten gargoyle.

Vanquished Creatures
  A fire bat (D)
  Edmund (D)
  A warg (D)
  An acid dragon (D)
  A black bear (D)
  A phantom (D)
  A scorpion (D)
  A hound (D)
  A gnoll (D)
  An adder skeleton (D)
  An orc (D)
  A ball python (D)
  A bat (D)
  A bat skeleton (D)
  2 endoplasms (D)
  A goblin (D)
  A hobgoblin (D)
  2 jackals (D)
  2 kobolds (D)
22 creatures vanquished.

Vanquished Creatures (collateral kills)
  A floating eye (D)
  Crazy Yiuf (D)
2 creatures vanquished.

Grand Total: 24 creatures vanquished

Notes
Turn   | Place    | Note
-------+----------+-------------------------------------------
     0 | D        | Groucho the Felid Berserker began the quest for the Orb.
     0 | D        | Reached XP level 1. HP: 10/10 MP: 2/2
     8 | D        | Noticed a scorpion
    18 | D        | Killed a scorpion
    19 | D        | Reached skill level 10 in Stealth
    19 | D        | Reached XP level 2. HP: 5/14 MP: 3/3
    19 | D        | Reached XP level 3. HP: 6/17 MP: 4/4
   509 | D        | Found a glowing golden altar of the Shining One.
   509 | D        | Found a glowing silver altar of Zin.
   509 | D        | Found a basalt altar of Yredelemnul.
   509 | D        | Found a shimmering altar of Xom.
   509 | D        | Found an ornate altar of the Wu Jian Council.
   509 | D        | Found a bloodstained altar of Trog.
   509 | D        | Found a shimmering blue altar of Sif Muna.
   509 | D        | Found a sacrificial altar of Ru.
   509 | D        | Found a stormy altar of Qazlal.
   509 | D        | Found an iron altar of Okawaru.
   509 | D        | Found a sparkling altar of Nemelex Xobeh.
   509 | D        | Found a burning altar of Makhleb.
   509 | D        | Found a viscous altar of Jiyva.
   509 | D        | Found a hazy altar of Hepliaklqana.
   509 | D        | Found an opulent altar of Gozag.
   509 | D        | Found a blossoming altar of Fedhas.
   509 | D        | Found a white marble altar of Elyvilon.
   509 | D        | Found a shadowy altar of Dithmenos.
   509 | D        | Found a snail-covered altar of Cheibriados.
   510 | D        | Found a radiant altar of Vehumet.
   510 | D        | Found a corrupted altar of Lugonu.
   511 | D        | Found an ancient bone altar of Kikubaaqudgha.
   511 | D        | Found a hide-covered altar of Uskayaw.
   511 | D        | Found a broken altar of Ashenzari.
   531 | D        | Reached ** piety under Trog
   549 | D        | Reached XP level 4. HP: 14/21 MP: 5/5
   878 | D        | Noticed a fire bat
   885 | D        | Reached *** piety under Trog
   890 | D        | Killed a fire bat
   891 | D        | Reached skill level 5 in Fighting
   891 | D        | Reached skill level 12 in Stealth
   891 | D        | Reached skill level 5 in Unarmed Combat
   891 | D        | Reached XP level 5. HP: 25/26 MP: 6/6
   924 | D        | Noticed Edmund
   944 | D        | Killed Edmund
   945 | D        | Gained mutation: You are covered in thick fur. (AC +2)
                  | [Felid growth]
   945 | D        | Reached XP level 6. HP: 31/31 MP: 7/7
   957 | D        | Reached skill level 13 in Stealth
   974 | D        | Reached **** piety under Trog
   974 | D        | Noticed Crazy Yiuf
   992 | D        | Killed Crazy Yiuf
  1006 | D        | Noticed a floating eye
  1010 | D        | Paralysed by a floating eye for 4 turns
  1011 | D        | Killed a floating eye
  1012 | D        | Reached XP level 7. HP: 23/36 MP: 8/8
  1029 | D        | Reached skill level 10 in Dodging
  1029 | D        | Reached skill level 14 in Stealth
  1284 | D        | Noticed a molten gargoyle
  1296 | D        | HP: 1/55 [molten gargoyle/+0 flail (20)]
  1296 | D        | Mangled by a molten gargoyle
  1297 | D        | Reached XP level 6. HP: -12/51 MP: 7/7
  1348 | D        | Killed from afar by a molten gargoyle
  1349 | D        | Reached XP level 5. HP: -2/45 MP: 6/6
  1353 | D        | Slain by a molten gargoyle

Illustrated notes

Levels and vault maps discovered:
D:        pitsprint [storerooms_1, entrance_room_1, metal_vault_5, armoury_2,
          mini_pit_1, grid_room_1, main_hall_1, silver_pit, the_coven_2,
          the_vestibule_1, steel_vault_5, golden_pit, hallway_of_sentries,
          crystal_vault_6, iron_vault_4, final_vault]

Skill      XL: |  1  2  3  4  5  6  7 |
---------------+----------------------+-----
Stealth        | 10 12 13 14 | 14.8
Fighting       | 5 6 7 8 |  8.3
Dodging        | 7 8 9 10 | 10.8
Unarmed Combat | 5 6 7 8 |  8.3

Action                   |  1- 3 |  4- 6 |  7- 9 || total
-------------------------+-------+-------+-------++-------
Melee: Unarmed           |    24 |    35 |     9 ||    68
       Bite              |     1 |     3 |       ||     4
       Punch             |     1 |     2 |       ||     3
Invok: Berserk           |     2 |     3 |     2 ||     7
       Trog's Hand       |     1 |     2 |     2 ||     5
       Brothers in Arms  |       |     1 |       ||     1
  Use: Potion            |     1 |     1 |     1 ||     3
 Stab: Sleeping          |     2 |     3 |     5 ||    10
Armor: Skin              |     1 |       |       ||     1
Dodge: Dodged            |    21 |    17 |     4 ||    42
